 Dungeon Crawl Stone Soup version 0.31-a0-986-g5e6e4ef867 (webtiles) character file.

Game seed: 10038624644096555995

44 serber55 the Firebug (level 3, -1/23 HPs)
             Began as an Octopode Fire Elementalist on Nov 17, 2023.
             Succumbed to an adder's poison
             ... on level 2 of the Dungeon.
             The game lasted 00:04:29 (767 turns).

serber55 the Firebug (Octopode Fire Elementalist)    Turns: 767, Time: 00:04:29

Health: -1/23      AC:  5    Str:  9    XL:     3   Next: 62%
Magic:  1/6        EV: 28    Int: 17    God:
Gold:   24         SH:  0    Dex: 12    Spells: 3/6 levels left

rFire   . . .        (no weapon)
rCold   . . .        (no shield)
rNeg    . . .        (helmet restricted)
rPois   .            c - amulet of the acrobat
rElec   .            e - +4 ring of protection
rCorr   .            g - ring of see invisible
SInv    +            (no ring)
Will    .....        (no ring)
Stlth   +++          (no ring)
HPRegen 0.23/turn    (no ring)
MPRegen 0.10/turn    (no ring)
                     (no ring)

%: acrobat
@: lethally poisoned (-1 -> -9), acrobatic
A: almost no armour, amphibious, 8 rings, camouflage 1, gelatinous body 1,
(nimble swimmer 1), tentacles
a: no special abilities


You were on level 2 of the Dungeon.
You visited 1 branch of the dungeon, and saw 2 of its levels.

You collected 35 gold pieces.
You spent 11 gold pieces at shops.

Inventory:

Jewellery
 c - an amulet of the acrobat (around mantle)
 e - a +4 ring of protection (left tentacle)
 g - a ring of see invisible (right tentacle)
Scrolls
 b - a scroll of noise {unknown}
 d - a scroll of poison {unknown}
 f - a scroll of fog {unknown}
Potions
 a - a potion of magic


   Skills:
 + Level 1.0 Fighting
 + Level 2.3 Dodging
 - Level 2.6 Stealth
 + Level 2.3 Spellcasting
 + Level 1.5 Conjurations
 * Level 3.6 Fire Magic


You had 3 spell levels left.
You knew the following spells:

 Your Spells              Type           Power      Damage    Failure   Level
a - Foxfire               Conj/Fire      40%        2x1d6     7%          1
b - Scorch                Fire           28%        2d6       6%          2

Your spell library contained the following spells:

 Spells                   Type           Power      Damage    Failure   Level
 Inner Flame              Hex/Fire       8%         N/A       26%         3
 Volatile Blastmotes      Fire/Tloc      16%        2d11      26%         3
 Flame Wave               Conj/Fire      10%        2d6       54%         4


Dungeon Overview and Level Annotations

Branches:
Dungeon (2/15)

Altars:

Shops:
D:1 [(!!


Innate Abilities, Weirdness & Mutations

You cannot wear most types of armour.
You are amphibious.
You can wear up to eight rings at the same time.
Your skin changes colour to match your surroundings (Stealth+).
Your rubbery body absorbs attacks. (AC +1, EV +1)
((You are camouflaged when in or above water. (Stealth+)))
You have tentacles for arms and can constrict up to eight enemies at once.


Message History

You are poisoned.
The adder poisons you!
You closely miss the adder. Your grab misses the adder.
The adder is severely wounded.
You feel sick. The adder bites you but does no damage.
You tentacle-slap the adder. Your grab misses the adder.
The adder is almost dead.
You feel sick.
The adder is no longer more vulnerable to fire.
The adder bites you but does no damage.
You tentacle-slap the adder. Your grab misses the adder.
Your squeeze misses the adder.
The adder is almost dead.
You feel sick. The adder bites you.
You are more poisoned.
The adder poisons you! The adder bites you.
You are too injured to fight recklessly!
You closely miss the adder. You grab the adder.
The adder is almost dead.
You constrict the adder, but do no damage.
You feel sick. The adder bites you.
* * * LOW HITPOINT WARNING * * *
You are more poisoned.
The adder poisons you!
Okay, then.
You tentacle-slap the adder but do no damage.
The adder is almost dead.
You constrict the adder, but do no damage.
* * * LOW HITPOINT WARNING * * *
You feel very sick. The adder misses you.
Your magical contamination has completely faded away.
You barely miss the adder.
The adder is almost dead.
You constrict the adder.
You kill the adder!
* * * LOW HITPOINT WARNING * * *
You feel sick.
Your Fighting skill increases to level 1!
You die...

#... .. #... .. #...
#.. ###...## #.#.#
#.=....# #.#.#
#......##### #.#.#
.#......#...###.#.#
.......†@.......#.##
........#...##.....#
........######.....#
..####### #.....# .
#.....# #.....#
####'## #.# #.#


There were no monsters in sight!

Vanquished Creatures
  2 adders (D:2)
  2 endoplasms (D:1)
  A giant cockroach (D:1)
  2 goblins
  A hobgoblin (D:1)
  9 jackals
  A kobold (D:1)
  2 bats (D:1)
  2 rats (D:1)
22 creatures vanquished.

Vanquished Creatures (others)
  10 foxfires
10 creatures vanquished.

Grand Total: 32 creatures vanquished

Notes
Turn   | Place    | Note
-------+----------+-------------------------------------------
     0 | D:1      | serber55 the Octopode Fire Elementalist began the quest for
                  | the Orb.
     0 | D:1      | Reached XP level 1. HP: 11/11 MP: 3/3
    10 | D:1      | Found Rocic's Armour Boutique.
   169 | D:1      | Reached XP level 2. HP: 17/17 MP: 1/5
   175 | D:1      | Learned a level 2 spell: Scorch
   224 | D:1      | Found Bepleiko's Distillery.
   258 | D:1      | Bought a potion of degeneration for 11 gold pieces
   271 | D:1      | Found Paskear's Distillery.
   306 | D:1      | Found Qimpagg's Antique Weapon Emporium.
   607 | D:2      | Reached XP level 3. HP: 13/22 MP: 6/6
   766 | D:2      | HP: 1/22 [poisoned by an adder]
   767 | D:2      | Reached skill level 1 in Fighting
   767 | D:2      | Succumbed to an adder's poison

Illustrated notes

Levels and vault maps discovered:
D:1:      scummos_arrival_hexagon, layout_basic, serial_shops,
          nicolae_diamond_shop, nicolae_shop_industrial_runoff,
          nicolae_shop_pleasant_corner_grove, nicolae_shop_statue_plus
D:2:      layout_basic, uniq_robin

Skill      XL: |  1  2  3 |
---------------+----------+-----
Fighting       | 1 |  1.0
Dodging        | |  2.3
Stealth        | |  2.6
Spellcasting   | |  2.3
Conjurations   | |  1.5
Fire Magic     | |  3.6

Action                     || total
---------------------------++-------
  Melee: Unarmed           ||    60
         Constrict         ||    13
         Tentacles         ||    12
   Cast: Foxfire           ||     8
         Scorch            ||     6
   Stab: Sleeping          ||     5
 Armour: Skin              ||    29
  Dodge: Dodged            ||    48

Table legend: (Time is in decaauts)
 A = Elapsed time spent in this place.
 B = Non-inter-level travel time spent in this place.
 C = Inter-level travel time spent in this place.
 D = Time resting spent in this place.
 E = Time spent auto-exploring this place.
 F = Levels seen in this place.
 G = Mean time per level.
                   A        B        C        D        E       F      G
               +--------+--------+--------+--------+--------+-----+--------+
         Total |    765 |    753 |     12 |    126 |    418 |   2 |  382.5 |
       Dungeon |    765 |    753 |     12 |    126 |    418 |   2 |  382.5 |
               +--------+--------+--------+--------+--------+-----+--------+

Top non-repeatable levels by time:
     D:1: 587 daAuts
     D:2: 178 daAuts
